 Dungeon Crawl Stone Soup version 0.27.1-1-g398f81649c (webtiles) character file.

Game seed: 17501410193671915222

5916 Borgoz the Fighter (level 10, 0/102 HPs)
             Began as a Gargoyle Berserker on Sept 18, 2021.
             Was a High Priest of Trog.
             Slain by an eight-headed hydra (9 damage)
             ... on level 9 of the Dungeon on Sept 19, 2021.
             The game lasted 00:18:33 (12168 turns).

Borgoz the Fighter (Gargoyle Berserker)            Turns: 12168, Time: 00:18:33

Health: 0/102      AC: 18    Str: 20    XL:     10   Next: 83%
Magic:  10/10      EV: 12    Int: 15    God:    Trog [*****.]
Gold:   473        SH:  0    Dex: 12    Spells: 9/9 levels left

rFire    . . .     SeeInvis +   I - +2 dire flail
rCold    . . .     Faith    .   (shield currently unavailable)
rNeg     + . .     Spirit   .   g - +1 ring mail
rPois    ∞         Reflect  .   (no helmet)
rElec    +         Harm     .   x - +0 cloak
rCorr    .         Rampage  .   b - +0 pair of gloves
Will     ++...                  (no boots)
Stlth    ..........             (no amulet)
HPRegen  1.27/turn              K - ring of see invisible
MPRegen  0.12/turn              A - +6 ring of intelligence

@: berserking, strong-willed, regenerating, very quick
A: sickness immunity, AC +7, negative energy resistance 1, electricity
resistance, torment resistance 1, petrification resistance
a: Renounce Religion, Berserk, Trog's Hand, Brothers in Arms


You were on level 9 of the Dungeon.
You worshipped Trog.
Trog was extremely pleased with you.
You visited 1 branch of the dungeon, and saw 9 of its levels.
You also visited: Sewer.

You collected 473 gold pieces.

Inventory:

Hand Weapons
 I - a +2 dire flail (weapon)
 L - a +0 morningstar
Armour
 b - a +0 pair of gloves (worn)
 g - a +1 ring mail (worn)
 x - a +0 cloak (worn)
Jewellery
 A - a +6 ring of intelligence (right hand)
 K - a ring of see invisible (left hand)
Wands
 r - a wand of flame (16)
 v - a wand of iceblast (4)
 C - a wand of paralysis (9)
 G - a wand of acid (18)
Scrolls
 d - 6 scrolls of teleportation
 s - a scroll of fear
 y - 4 scrolls of blinking
 H - a scroll of torment
Potions
 c - 2 potions of haste
 e - 5 potions of mutation
 f - 2 potions of lignification
 i - 2 potions of ambrosia
 j - 3 potions of might {unknown}
 k - 2 potions of resistance
 l - 3 potions of heal wounds
 p - 3 potions of curing
 q - a potion of flight {unknown}
 u - a potion of berserk rage {unknown}
 w - a potion of degeneration {unknown}
 z - 2 potions of brilliance {unknown}
 D - a potion of invisibility {unknown}
 E - a potion of attraction {unknown}
 J - a potion of cancellation {unknown}


   Skills:
 * Level 9.8 Fighting
 * Level 9.1 Maces & Flails
 * Level 9.6 Armour
 + Level 5.3 Dodging


You had 9 spell levels left.
You didn't know any spells.
Your spell library was empty.

Dungeon Overview and Level Annotations

Branches:
Dungeon (9/15)             Temple (0/1) D:5           Sewer (visited)
   Lair: D:8-11         Orc: D:9-12

Altars:
Ashenzari
Elyvilon
Fedhas
Makhleb
Okawaru
Qazlal
Trog
Wu Jian
Xom
Zin
The Shining One

Shops:
D:3 !   D:5 [

Annotations:
D:8 1 runed translucent door


Innate Abilities, Weirdness & Mutations

You are immune to sickness and miasma.
Your stone body is resilient. (AC +7)
You are immune to poison.
You resist negative energy. (rN+)
You are resistant to electric shocks. (rElec)
You are resistant to unholy torment.
You are immune to petrification.


Message History

The eight-headed hydra bites you.
The eight-headed hydra bites you but does no damage. x2
The eight-headed hydra misses you. The eight-headed hydra bites you.
The eight-headed hydra bites you!
Unknown command.
A red film seems to cover your vision as you go berserk!
You feel yourself moving faster!
You feel mighty!
The eight-headed hydra bites you but does no damage.
The eight-headed hydra bites you!
The eight-headed hydra bites you but does no damage. x4
The eight-headed hydra bites you.
* * * LOW HITPOINT WARNING * * *
The eight-headed hydra bites you but does no damage.
You puncture the eight-headed hydra!
The eight-headed hydra is moderately wounded.
The eight-headed hydra bites you.
* * * LOW HITPOINT WARNING * * *
The eight-headed hydra barely misses you.
The eight-headed hydra bites you but does no damage.
The eight-headed hydra closely misses you.
The eight-headed hydra bites you!
* * * LOW HITPOINT WARNING * * *
The eight-headed hydra bites you.
* * * LOW HITPOINT WARNING * * *
The eight-headed hydra bites you.
* * * LOW HITPOINT WARNING * * *
The eight-headed hydra bites you but does no damage.
You hit the eight-headed hydra.
The eight-headed hydra is moderately wounded.
You bludgeon the eight-headed hydra!!
The eight-headed hydra is heavily wounded.
The eight-headed hydra barely misses you.
The eight-headed hydra bites you but does no damage.
The eight-headed hydra closely misses you.
The eight-headed hydra completely misses you.
The eight-headed hydra misses you. The eight-headed hydra bites you.
* * * LOW HITPOINT WARNING * * *
The eight-headed hydra bites you but does no damage.
The eight-headed hydra bites you!
You die...

................).........
...............)).........
.............))##.........
##############.##.........
.... #.##......... ###.
#.##.........
#.##.........
#.#.#.######.##### #.#@#.#
#.....#
#.#D#.#######....##
#.#......D........#
#.#........###....##
#.'...............#.
###........###...#).
#........# #...#..
#(.......# #.#.#..
#.......[# #.#.##.


You could see an eight-headed hydra.

Vanquished Creatures
  A two-headed ogre (D:8)
  A troll (D:9)
  A shadow (D:6)
  A wyvern (D:7)
  3 water moccasins
  2 orc warriors
  3 ice beasts
  3 black bears
  A hornet zombie (D:8)
  A sky beast (D:5)
  4 necrophages
  2 ogres
  2 centaurs
  A phantom (D:4)
  2 kobold brigands
  4 scorpions
  4 bullfrogs
  A wyvern zombie (D:7)
  2 water moccasin skeletons (D:4)
  3 killer bees (D:7)
  12 wights
  2 howler monkeys
  2 centaur zombies
  3 bullfrog zombies
  A jelly (D:6)
  Crazy Yiuf (D:4)
  5 orc priests
  2 bullfrog skeletons
  4 hounds
  A centaur skeleton (D:6)
  A gnoll shaman (D:7)
  5 iguanas
  5 orc wizards
  3 killer bee zombies
  2 howler monkey zombies
  7 gnolls
  2 howler monkey skeletons (D:7)
  7 adders
  5 river rats (Sewer)
  2 shadow imps
  2 white imps
  An ufetubus (D:5)
  2 dart slugs
  28 orcs
  9 endoplasms
  8 giant cockroaches
  13 goblins
  12 hobgoblins
  10 jackals
  33 kobolds
  5 quokkas
  8 ball pythons
  11 bats
  5 frilled lizards
  22 rats
  A bush (D:7)
284 creatures vanquished.

Vanquished Creatures (others)
  2 endoplasms (D:1)
  A goblin (D:1)
  A bush (D:7)
  16 plants
20 creatures vanquished.

Grand Total: 304 creatures vanquished

Notes
Turn   | Place    | Note
-------+----------+-------------------------------------------
     0 | D:1      | Borgoz the Gargoyle Berserker began the quest for the Orb.
     0 | D:1      | Reached XP level 1. HP: 14/14 MP: 1/1
    47 | D:1      | Reached XP level 2. HP: 8/19 MP: 2/2
  1105 | D:1      | Reached XP level 3. HP: 10/24 MP: 3/3
  1686 | D:2      | Reached ** piety under Trog
  2169 | D:2      | Reached XP level 4. HP: 29/29 MP: 4/4
  2400 | D:3      | Found a glowing golden altar of the Shining One.
  2449 | D:3      | Found a faded altar of an unknown god.
  2581 | D:3      | Found a glowing drain.
  2600 | Sewer    | Entered a sewer
  2733 | Sewer    | Reached XP level 5. HP: 12/33 MP: 5/5
  2740 | Sewer    | Reached *** piety under Trog
  3464 | Sewer    | Found the +8 glaive of the Guard {elec, spectral, AC+5}
  3464 | Sewer    | Noticed a kobold brigand
  3487 | Sewer    | Killed a kobold brigand
  3488 | Sewer    | Reached XP level 6. HP: 24/40 MP: 6/6
  3949 | D:3      | Found Yptosm's Distillery.
  4150 | D:4      | Reached skill level 5 in Fighting
  4160 | D:4      | Reached **** piety under Trog
  4363 | D:4      | Reached XP level 7. HP: 44/44 MP: 7/7
  4548 | D:4      | Reached skill level 5 in Maces & Flails
  4548 | D:4      | Reached skill level 5 in Armour
  5038 | D:4      | Found a runed translucent door.
  5039 | D:4      | Noticed Crazy Yiuf
  5180 | D:4      | You fall into a shaft and drop 3 floors!
  5209 | D:7      | Reached XP level 8. HP: 28/51 MP: 8/8
  5616 | D:6      | Noticed a shadow
  5626 | D:5      | Entered Level 5 of the Dungeon
  5983 | D:5      | Found Xirghaihy's Armour Emporium.
  5987 | D:5      | Found a bloodstained altar of Trog.
  6205 | D:5      | Found a shimmering altar of Xom.
  6230 | D:5      | Reached XP level 9. HP: 54/57 MP: 9/9
  6849 | D:5      | Found a staircase to the Ecumenical Temple.
  8009 | D:4      | Killed Crazy Yiuf
  9337 | D:7      | Reached ***** piety under Trog
  9442 | D:7      | Found a glowing silver altar of Zin.
  9691 | D:7      | Reached XP level 10. HP: 65/65 MP: 10/10
  9864 | D:7      | Found a blossoming altar of Fedhas.
 10204 | D:8      | Found a stormy altar of Qazlal.
 10467 | D:8      | Found a white marble altar of Elyvilon.
 10820 | D:8      | Noticed a two-headed ogre
 10831 | D:8      | Found a runed translucent door.
 10849 | D:8      | Killed a two-headed ogre
 10850 | D:8      | Reached skill level 5 in Dodging
 11117 | D:8      | Found a broken altar of Ashenzari.
 11485 | D:8      | Found a burning altar of Makhleb.
 11485 | D:8      | Found an ornate altar of the Wu Jian Council.
 11485 | D:8      | Found an iron altar of Okawaru.
 11539 | D:8      | Noticed a green ugly thing
 11539 | D:8      | Noticed a cyclops
 11540 | D:8      | Noticed a skeletal warrior
 11971 | D:9      | Noticed an eight-headed hydra
 12168 | D:9      | Slain by an eight-headed hydra

Illustrated notes

Levels and vault maps discovered:
D:1:      lightli_arrival_boilingwater, layout_loops_ring, lemuel_old_faithful
D:2:      layout_basic, guppyfry_early_orc_mine
D:3:      layout_rooms, mainiacjoe_overflow_boulevard,
          ebering_ecumenical_altar_sacrificial, serial_shops,
          nicolae_shop_stone, gup_sewer_entry_pipe, minmay_misc_feat_hallway
D:4:      layout_layer_cave, minmay_fractal_squares_5, uniq_crazy_yiuf_cottage
D:5:      corexii_shantytown, layout_basic, lemuel_crystal_altar,
          mainiacjoe_overflow_chevrons, minmay_temple_entry_statues_pillars,
          serial_shops, shop_coins
D:6:      layout_basic, amethyst_killhole, minmay_chambers_of_fives
D:7:      layout_basic, zin_statuary, fedhas_altar_decomposition,
          hellmonk_bongcloud_opening, roderic_batcave, hangedman_decor_riveting
D:8:      layout_basic, nicolae_qazlal_scattered_showers,
          overflow_temple_1_default, general_overflow_altar,
          chequers_temple_overflow_statue_of_worship, wad_hexagon
D:9:      layout_basic, lemuel_blue_sif_altar, hellmonk_guarded_unrand_vines

Skill      XL: |  1  2  3  4  5  6  7  8  9 10 |
---------------+-------------------------------+-----
Armour         | 3 4 5 6 8 9 |  9.6
Fighting       | 4 5 7 8 9 |  9.8
Dodging        | 2 3 4 5 |  5.3
Maces & Flails | 4 5 6 8 9 |  9.1

Action                   |  1- 3 |  4- 6 |  7- 9 | 10-12 || total
-------------------------+-------+-------+-------+-------++-------
Melee: Mace              |   135 |   201 |     3 |   274 ||   613
       Flail             |       |    69 |   487 |       ||   556
       Dire flail        |       |       |       |     3 ||     3
Throw: Throwing net      |       |       |       |     1 ||     1
Invok: Berserk           |     1 |     4 |    14 |     3 ||    22
       Trog's Hand       |       |     1 |     5 |     1 ||     7
  Use: Scroll            |       |     7 |     2 |     8 ||    17
Armor: Animal skin       |    45 |       |       |       ||    45
       Ring mail         |    15 |   187 |   295 |   162 ||   659
Dodge: Dodged            |   106 |   238 |   331 |   184 ||   859
